[Event "ICC Open 2015"]
[Site "Internet Chess Club"]
[Date "2015.05.30"]
[Round "3"]
[White "fallingstar100"]
[Black "HPG1947"]
[Result "0-1"]
[ICCResult "White resigns"]
[WhiteElo "1499"]
[BlackElo "1764"]
[Opening "Sicilian: Canal-Sokolsky (Nimzovich-Rossolimo, Moscow) attack"]
[ECO "B51"]
[NIC "SI.01"]
[Time "19:22:08"]
[TimeControl "180+0"]

1. e4 c5 2. Nf3 d6 3. Bb5+ Nd7 4. O-O Nf6 5. e5 dxe5 6. Nxe5 a6 7. Bxd7+
Bxd7 8. Nxd7 Qxd7 9. Re1 e6 10. d3 Be7 11. Nc3 O-O 12. Be3 Rfd8 13. Na4 Qxa4
14. b3 Qc6 15. Rc1 Nd5 16. Bd2 Bf6 17. Qg4 Nc3 18. Re3 Rd4 19. Qh5 Rh4 20.
Qxh4 Bxh4 21. Bxc3 Bg5 22. Bxg7 Bxe3 {White resigns} 0-1

[Event "ICC Open 2015"]
[Site "Internet Chess Club"]
[Date "2015.05.30"]
[Round "3"]
[White "awesome5123"]
[Black "Ira57"]
[Result "0-1"]
[ICCResult "White resigns"]
[WhiteElo "1551"]
[BlackElo "1908"]
[Opening "French: Rubinstein variation"]
[ECO "C10"]
[NIC "FR.07"]
[Time "19:20:48"]
[TimeControl "180+0"]

1. e4 e6 2. d4 d5 3. Nc3 dxe4 4. Nxe4 Nd7 5. Nf3 Ngf6 6. Nxf6+ Nxf6 7. c4 b6
8. Bg5 Bb7 9. Be2 Bb4+ 10. Bd2 Be7 11. Be3 O-O 12. Qc2 Rc8 13. O-O-O Qe8 14.
h4 c5 15. dxc5 Bxc5 16. Kb1 Bxe3 17. fxe3 Qe7 18. h5 h6 19. Rdg1 Qc5 20. b3
Rfd8 21. Nd4 Be4 22. Bd3 Bxd3 23. Qxd3 e5 24. g4 exd4 25. exd4 Rxd4 26. Qc3
Ne4 27. Qb2 Ng5 28. Rf1 Rcd8 29. b4 Qxc4 30. Rc1 Qxb4 31. Qxb4 Rxb4+ 32. Ka1
Rxg4 33. Rc7 a5 34. Rb7 Rb4 35. a3 Rb5 36. Rb1 Rxb1+ 37. Kxb1 Rd6 38. Ka2
Ne4 39. Kb3 Nc5+ {White resigns} 0-1

[Event "ICC Open 2015"]
[Site "Internet Chess Club"]
[Date "2015.05.30"]
[Round "3"]
[White "RafaNadal"]
[Black "Bagelhead"]
[Result "1-0"]
[ICCResult "Black resigns"]
[WhiteElo "2828"]
[BlackElo "2366"]
[Opening "Scotch: Schmidt variation"]
[ECO "C45"]
[NIC "SO.04"]
[Time "19:20:58"]
[TimeControl "180+0"]

1. e4 e5 2. Nf3 Nc6 3. d4 exd4 4. Nxd4 Nf6 5. Nxc6 bxc6 6. Qe2 Qe7 7. Nc3
Qe6 8. Bd2 Bc5 9. O-O-O a5 10. f4 Ba6 11. Qf3 Bxf1 12. Rhxf1 O-O 13. e5 Nd5
14. Nxd5 cxd5 15. Bc3 d4 16. Bxd4 Bxd4 17. Rxd4 Qxa2 18. Qa3 Qe6 19. Rfd1
Qg4 20. g3 Rfd8 21. Qe7 a4 22. Rxd7 Rf8 23. Rxc7 a3 24. bxa3 Qe2 25. Qc5
Qxh2 26. Qc3 Qf2 27. e6 Rae8 28. exf7+ Rxf7 29. Qb3 {Black resigns} 1-0

[Event "ICC Open 2015"]
[Site "Internet Chess Club"]
[Date "2015.05.30"]
[Round "3"]
[White "hejajw"]
[Black "Garpun"]
[Result "0-1"]
[ICCResult "White resigns"]
[WhiteElo "2673"]
[BlackElo "2709"]
[Opening "Old Indian defense"]
[ECO "A53"]
[NIC "QP.07"]
[Time "19:20:48"]
[TimeControl "180+0"]

1. d4 Nf6 2. c4 d6 3. Nf3 Nbd7 4. Nc3 g6 5. Bg5 h6 6. Bh4 g5 7. Bg3 Nh5 8.
e3 Bg7 9. Be2 e6 10. Nd2 Nxg3 11. hxg3 Qe7 12. Qc2 c5 13. d5 Nf6 14. O-O-O
Bd7 15. Kb1 O-O-O 16. g4 Kb8 17. Bf3 exd5 18. Nxd5 Nxd5 19. cxd5 b5 20. Ne4
f5 21. gxf5 Bxf5 22. Qb3 Bxe4+ 23. Ka1 a6 24. Bg4 c4 25. Qb4 Qc7 26. a4 Bc2
27. axb5 Bxd1 28. bxa6+ Ka7 29. Rxd1 Rb8 {White resigns} 0-1

[Event "ICC Open 2015"]
[Site "Internet Chess Club"]
[Date "2015.05.30"]
[Round "3"]
[White "Sebs"]
[Black "FytinFrank"]
[Result "1-0"]
[ICCResult "Black checkmated"]
[WhiteElo "2965"]
[BlackElo "2053"]
[Opening "Queen's pawn"]
[ECO "A40"]
[NIC "QO.17"]
[Time "19:21:43"]
[TimeControl "180+0"]

1. d4 c6 2. c4 f5 3. Nf3 Nf6 4. Nc3 e6 5. Bf4 d5 6. e3 Bd6 7. Bxd6 Qxd6 8.
Qc2 Nbd7 9. Bd3 Ne4 10. c5 Qe7 11. O-O O-O 12. Ne2 e5 13. b4 b6 14. cxb6
axb6 15. Qxc6 Ra3 16. Qxd5+ Kh8 17. Bxe4 fxe4 18. Qxe4 Ba6 19. Rfe1 Qxb4 20.
Nxe5 Nxe5 21. Qxe5 Rxa2 22. Nf4 Rxa1 23. Rxa1 Qb2 24. Rd1 Qc2 25. Qh5 Kg8
26. Qd5+ Kh8 27. Re1 Qd2 28. Rb1 Qc2 29. Qb3 Qd2 30. Qxb6 Bc4 31. h4 g6 32.
Qb4 Qc2 33. Qxf8+ Bg8 34. Qf6# {Black checkmated} 1-0

[Event "ICC Open 2015"]
[Site "Internet Chess Club"]
[Date "2015.05.30"]
[Round "3"]
[White "kurumania"]
[Black "VictorRed"]
[Result "1-0"]
[ICCResult "Black resigns"]
[WhiteElo "2856"]
[BlackElo "1821"]
[Opening "QGD Slav: 4.e3"]
[ECO "D11"]
[NIC "QP.08"]
[Time "19:22:03"]
[TimeControl "180+0"]

1. d4 d5 2. Nf3 Nf6 3. c4 c6 4. e3 g6 5. Be2 Bg7 6. O-O O-O 7. Nc3 e6 8. b3
Ne4 9. Bb2 Nd7 10. Rc1 Ndf6 11. Ne5 Nxc3 12. Bxc3 Ne4 13. Bb4 Re8 14. a4 a5
15. Ba3 f6 16. Nd3 dxc4 17. bxc4 Bf8 18. Bxf8 Rxf8 19. f3 Nd6 20. c5 Nf7 21.
Nb2 Re8 22. Nc4 e5 23. dxe5 Qxd1 24. Rfxd1 Nxe5 25. Nd6 Rf8 26. f4 Nf7 27.
Bc4 Kg7 28. Bxf7 Rxf7 29. Nxf7 Kxf7 30. Rd8 Ke7 31. Rh8 h5 32. Rd1 Rb8 33.
Rdd8 {Black resigns} 1-0

[Event "ICC Open 2015"]
[Site "Internet Chess Club"]
[Date "2015.05.30"]
[Round "3"]
[White "Psycho-Cowboy"]
[Black "kava"]
[Result "0-1"]
[ICCResult "White resigns"]
[WhiteElo "2534"]
[BlackElo "2913"]
[Opening "Queen's Indian: 4.g3"]
[ECO "E15"]
[NIC "QI.02"]
[Time "19:21:23"]
[TimeControl "180+0"]

1. d4 Nf6 2. c4 e6 3. Nf3 b6 4. g3 c6 5. Bg2 d5 6. cxd5 cxd5 7. Ne5 Be7 8.
Qa4+ Nfd7 9. Bf4 O-O 10. Nc3 Nxe5 11. Bxe5 Bd7 12. Qb3 Nc6 13. O-O Rc8 14.
e3 Nxe5 15. dxe5 Qc7 16. Rac1 Qxe5 17. Nb5 Qb8 18. a4 Rc5 19. e4 dxe4 20.
Bxe4 Rfc8 21. Rxc5 Rxc5 22. Bxh7+ Kf8 23. Be4 a6 24. Nc3 Bf6 25. Qd1 Qc7 26.
Qe2 b5 27. axb5 axb5 28. Nd1 b4 29. b3 Qe5 30. Qd3 Bb5 31. Qd2 Qxe4 32. Qd6+
Kg8 33. Qxc5 Bc6 34. f3 Bd4+ 35. Kg2 Qe2+ {White resigns} 0-1

[Event "ICC Open 2015"]
[Site "Internet Chess Club"]
[Date "2015.05.30"]
[Round "3"]
[White "RobbieWilliams"]
[Black "lemanofzorn"]
[Result "1-0"]
[ICCResult "Black checkmated"]
[WhiteElo "1773"]
[BlackElo "1433"]
[Opening "Queen's pawn: stonewall attack"]
[ECO "D00"]
[NIC "QP.08"]
[Time "19:22:12"]
[TimeControl "180+0"]

1. d4 d5 2. e3 Nf6 3. Bd3 Bg4 4. f3 Bh5 5. Ne2 e6 6. O-O c5 7. c3 c4 8. Bc2
Nc6 9. f4 Bd6 10. Nd2 O-O 11. Qe1 Bg6 12. Bxg6 fxg6 13. Ng3 Nd7 14. Nf3 Be7
15. Ne5 Ndxe5 16. fxe5 Bh4 17. Bd2 Qg5 18. e4 Bxg3 19. Bxg5 Bxe1 20. exd5
Rxf1+ 21. Kxf1 Rf8+ 22. Kxe1 exd5 23. Ke2 Rf5 24. Be3 Kf7 25. b3 cxb3 26.
axb3 Ke6 27. c4 dxc4 28. bxc4 Nb4 29. Rb1 Nc2 30. Rxb7 Nxe3 31. Kxe3 Rg5 32.
g3 Rh5 33. h4 Rf5 34. Rxa7 Rf1 35. Rxg7 Re1+ 36. Kd3 Ra1 37. Rxh7 Ra3+ 38.
Ke4 Rxg3 39. d5# {Black checkmated} 1-0

[Event "ICC Open 2015"]
[Site "Internet Chess Club"]
[Date "2015.05.30"]
[Round "3"]
[White "Yummyhat"]
[Black "a-rubinstein"]
[Result "0-1"]
[ICCResult "White checkmated"]
[WhiteElo "1786"]
[BlackElo "2143"]
[Opening "Old Benoni defense"]
[ECO "A43"]
[NIC "OI.09"]
[Time "19:21:12"]
[TimeControl "180+0"]

1. d4 c5 2. d5 g6 3. c4 Bg7 4. Nc3 Bxc3+ 5. bxc3 Qa5 6. Bd2 Nf6 7. Qc2 d6 8.
e4 Bd7 9. Nf3 Ba4 10. Qb1 Nbd7 11. Bd3 Nb6 12. O-O Nfd7 13. Re1 f6 14. Bc2
Bxc2 15. Qxc2 Nxc4 16. Rac1 O-O-O 17. Bf4 g5 18. Bg3 h5 19. h4 g4 20. Nd2
Ndb6 21. Nb3 Qa3 22. Rb1 Rd7 23. Re2 Qa6 24. Nd2 Nxd2 25. Rxd2 Nc4 26. Re2
b5 27. a4 Qxa4 28. Qxa4 bxa4 29. Ra2 a3 30. Rb5 Rb7 31. Rxb7 Kxb7 32. Kf1
Ka8 33. Ke2 Rb8 34. Kd3 Rb2 35. Rxb2 axb2 36. Kc2 a5 37. Bf4 a4 38. Bh6 a3
39. Kb1 Kb7 40. Bf8 Nd2+ 41. Ka2 b1=Q+ 42. Kxa3 Qb3# {White checkmated} 0-1

[Event "ICC Open 2015"]
[Site "Internet Chess Club"]
[Date "2015.05.30"]
[Round "3"]
[White "josper05"]
[Black "cap78red"]
[Result "0-1"]
[ICCResult "White checkmated"]
[WhiteElo "1351"]
[BlackElo "1457"]
[Opening "English opening"]
[ECO "A20"]
[NIC "EO.24"]
[Time "19:21:59"]
[TimeControl "180+0"]

1. c4 e5 2. g3 Nc6 3. Bg2 Nf6 4. Nc3 Bb4 5. Nd5 Nxd5 6. cxd5 Nd4 7. e3 Nf5
8. a3 Ba5 9. b4 Bb6 10. Bb2 d6 11. Ne2 O-O 12. O-O Rb8 13. Nc3 c5 14. dxc6
bxc6 15. Bxc6 Bb7 16. Bxb7 Rxb7 17. Nd5 Qa8 18. Qg4 Ne7 19. Nf6+ Kh8 20. Nh5
Ng6 21. f4 Rc7 22. f5 Rc2 23. Bc3 Bxe3+ 24. dxe3 Qg2# {White checkmated} 0-1

[Event "ICC Open 2015"]
[Site "Internet Chess Club"]
[Date "2015.05.30"]
[Round "3"]
[White "FedoseevVl95"]
[Black "Mighty-Penguin"]
[Result "1-0"]
[ICCResult "Black checkmated"]
[WhiteElo "2990"]
[BlackElo "2022"]
[Opening "Giuoco Piano"]
[ECO "C50"]
[NIC "IG.02"]
[Time "19:21:07"]
[TimeControl "180+0"]

1. e4 e5 2. Nf3 Nc6 3. Bc4 Bc5 4. O-O Nf6 5. d3 h6 6. a3 a6 7. b4 Bb6 8. Bb2
d6 9. Nc3 O-O 10. h3 Qe7 11. Nd5 Nxd5 12. Bxd5 Be6 13. c4 f5 14. Qe2 fxe4
15. dxe4 Kh7 16. Rad1 Qf6 17. c5 dxc5 18. Bxc6 bxc6 19. Nxe5 Qg5 20. Nf3 Qf4
21. Be5 Qf7 22. Bg3 Bxh3 23. Ne5 Qe6 24. gxh3 cxb4 25. axb4 Qxh3 26. Qg4
Qxg4 27. Nxg4 Rad8 28. Kg2 c5 29. bxc5 Bxc5 30. Rc1 Bb6 31. Bxc7 Bxc7 32.
Rxc7 Rf4 33. f3 Rd2+ 34. Kg3 Rf8 35. Ne3 Rd3 36. Nf5 Rg8 37. Ra1 h5 38. Rxa6
Kh8 39. Rg6 Kh7 40. Rh6# {Black checkmated} 1-0

[Event "ICC Open 2015"]
[Site "Internet Chess Club"]
[Date "2015.05.30"]
[Round "3"]
[White "reydelmambo"]
[Black "TravisMcGee"]
[Result "1-0"]
[ICCResult "Black resigns"]
[WhiteElo "1958"]
[BlackElo "1590"]
[Opening "Dutch: classical variation"]
[ECO "A96"]
[NIC "HD.01"]
[Time "19:21:19"]
[TimeControl "180+0"]

1. d4 e6 2. c4 f5 3. Nf3 Nf6 4. g3 Be7 5. Bg2 d6 6. O-O O-O 7. b4 Qe8 8. Bb2
Nc6 9. b5 Nd8 10. Nc3 c6 11. a4 Bd7 12. Qb3 Rb8 13. Rad1 Ne4 14. c5 d5 15.
Ne5 Nf7 16. f3 Nxc3 17. Bxc3 Nxe5 18. dxe5 Bxc5+ 19. Kh1 Qe7 20. Bd4 Bxd4
21. Rxd4 c5 22. Rdd1 c4 23. Qc3 a6 24. Qa5 axb5 25. axb5 Ra8 26. Qb6 Rfb8
27. f4 Ra2 28. Qc7 Qd8 29. Qd6 Rxe2 30. Bxd5 exd5 31. Qxd5+ Kh8 32. Qxd7
Qxd7 33. Rxd7 c3 34. Rc1 c2 35. Kg1 h5 36. e6 Kh7 37. e7 Re8 38. Rc7 R8xe7
39. R7xc2 Rd2 40. Rxd2 {Black resigns} 1-0

[Event "ICC Open 2015"]
[Site "Internet Chess Club"]
[Date "2015.05.30"]
[Round "3"]
[White "PedroRomero2"]
[Black "Red-white"]
[Result "0-1"]
[ICCResult "White resigns"]
[WhiteElo "2235"]
[BlackElo "3091"]
[Opening "Nimzo-Indian: classical variation"]
[ECO "E32"]
[NIC "NI.24"]
[Time "19:20:54"]
[TimeControl "180+0"]

1. d4 Nf6 2. c4 e6 3. Nc3 Bb4 4. Qc2 O-O 5. Nf3 c5 6. dxc5 Na6 7. g3 Nxc5 8.
Bg2 b6 9. O-O Bb7 10. Nb5 Be4 11. Qd1 Nb7 12. Bf4 Be7 13. Nd6 Nxd6 14. Bxd6
Bxd6 15. Qxd6 Qb8 16. Rfd1 Qxd6 17. Rxd6 Bxf3 18. Bxf3 Rac8 19. b3 Rc5 20.
a4 Rfc8 21. e3 Kf8 22. h4 Ke7 23. Rd2 h6 24. Kg2 g5 25. hxg5 hxg5 26. Rh1 g4
27. Be2 Rg5 28. Rd4 a5 29. Rh6 e5 30. Rxf6 exd4 31. Rxb6 dxe3 32. fxe3 Rc6
33. Rb7 Re6 34. Kf2 Rf5+ 35. Kg2 Rg5 36. Kf2 Ree5 37. b4 axb4 38. Rxb4 Rgf5+
39. Kg2 Rxe3 40. Bxg4 Rg5 41. Kh3 f5 {White resigns} 0-1

[Event "ICC Open 2015"]
[Site "Internet Chess Club"]
[Date "2015.05.30"]
[Round "3"]
[White "Glamurius"]
[Black "Aladdin"]
[Result "1-0"]
[ICCResult "Black resigns"]
[WhiteElo "3002"]
[BlackElo "2382"]
[Opening "QGD: Ragozin variation"]
[ECO "D38"]
[NIC "NI.27"]
[Time "19:21:13"]
[TimeControl "180+0"]

1. d4 Nf6 2. c4 e6 3. Nf3 d5 4. Nc3 Bb4 5. Qa4+ Nc6 6. e3 a6 7. Qc2 O-O 8.
Bd2 Re8 9. a3 Bf8 10. h3 dxc4 11. Bxc4 b5 12. Bd3 Bb7 13. Ne4 h6 14. Nxf6+
Qxf6 15. Be4 Nd8 16. Bxb7 Nxb7 17. Qxc7 Nd6 18. Qc2 Rec8 19. Qb1 Rc7 20. O-O
Rac8 21. a4 Nc4 22. axb5 axb5 23. Ra6 Qe7 24. b3 Nd6 25. Bb4 Rc6 26. Rxc6
Rxc6 27. Rc1 Qc7 28. Rxc6 Qxc6 29. Bxd6 Bxd6 30. Qd3 Qc1+ 31. Qf1 b4 32.
Qxc1 {Black resigns} 1-0

[Event "ICC Open 2015"]
[Site "Internet Chess Club"]
[Date "2015.05.30"]
[Round "3"]
[White "guibiazotto"]
[Black "ncc-1701"]
[Result "0-1"]
[ICCResult "White resigns"]
[WhiteElo "1658"]
[BlackElo "2009"]
[Opening "Sicilian: closed"]
[ECO "B23"]
[NIC "SI.44"]
[Time "19:21:34"]
[TimeControl "180+0"]

1. e4 c5 2. Nc3 d6 3. d3 Nf6 4. g3 g6 5. Bg2 Bg7 6. Bd2 O-O 7. f4 Nc6 8. Nf3
Bg4 9. O-O Rc8 10. Rc1 Nd4 11. Qe1 a6 12. Nxd4 cxd4 13. Ne2 e5 14. fxe5 dxe5
15. Bg5 Qb6 16. b3 Nh5 17. h3 Bxe2 18. Qxe2 Nxg3 19. Qf2 Nxf1 20. Rxf1 f6
21. Bd2 Rxc2 22. Qe1 Rfc8 23. Bf3 Rxa2 24. Bg4 Rcc2 25. Rf2 Bh6 26. Ba5 Qxb3
27. Rxc2 Qxc2 28. Qg3 Bf4 29. Be6+ Kg7 30. Bxa2 Bxg3 {White resigns} 0-1

[Event "ICC Open 2015"]
[Site "Internet Chess Club"]
[Date "2015.05.30"]
[Round "3"]
[White "a-man"]
[Black "holderlin"]
[Result "0-1"]
[ICCResult "White checkmated"]
[WhiteElo "1464"]
[BlackElo "1739"]
[Opening "Sicilian: Pelikan (Lasker/Sveshnikov) variation"]
[ECO "B33"]
[NIC "SI.35"]
[Time "19:20:50"]
[TimeControl "180+0"]

1. e4 c5 2. Nf3 Nc6 3. d4 cxd4 4. Nxd4 Nf6 5. Nc3 e5 6. Nf3 Bb4 7. Bc4 Nxe4
8. Bxf7+ Kf8 9. Bd2 Bxc3 10. Bxc3 Nxc3 11. bxc3 Kxf7 12. Qd5+ Kf8 13. Nxe5
Nxe5 14. Qxe5 Qe7 15. Qxe7+ Kxe7 16. O-O d5 17. Rfe1+ Kd6 18. Re3 Be6 19.
Rae1 Rhe8 20. f4 Bf7 21. Rxe8 Rxe8 22. Rxe8 Bxe8 23. Kf2 Ba4 24. Ke2 Bxc2
25. g4 Be4 26. h4 Kc5 27. f5 Kc4 28. Ke3 Kxc3 29. Kf4 Kd4 30. g5 b5 31. f6
gxf6 32. gxf6 Bg6 33. Kg5 Ke5 34. h5 Bxh5 35. f7 Bxf7 36. Kg4 Bg6 37. Kg5
Kd4 38. Kg4 Kc3 39. Kg5 Kb2 40. Kf4 Kxa2 41. Ke3 Kb3 42. Kd4 b4 43. Kxd5 a5
44. Kd4 a4 45. Ke3 a3 46. Kd2 a2 47. Kc1 a1=Q+ 48. Kd2 Qc3+ 49. Ke2 Kc4 50.
Kf2 b3 51. Kg2 b2 52. Kf2 b1=Q 53. Kg2 Qf5 54. Kh2 Qf2+ 55. Kh1 Qce1#
{White checkmated}
0-1

[Event "ICC Open 2015"]
[Site "Internet Chess Club"]
[Date "2015.05.30"]
[Round "3"]
[White "chesstempo2"]
[Black "Svinotigr"]
[Result "1-0"]
[ICCResult "Black forfeits on time"]
[WhiteElo "2024"]
[BlackElo "1738"]
[Opening "Nimzovich-Larsen attack"]
[ECO "A01"]
[NIC "VO.08"]
[Time "19:20:47"]
[TimeControl "180+0"]

1. b3 d6 2. Bb2 Nd7 3. g3 e5 4. Bg2 Qe7 5. d3 g6 6. Nd2 Bg7 7. e3 h5 8. Ne2
Ngf6 9. h3 O-O 10. a3 Re8 11. O-O c6 12. e4 Nf8 13. f4 exf4 14. gxf4 N8h7
15. Ng3 h4 16. Ne2 Ng4 17. Bxg7 Ne3 18. Qe1 Kxg7 19. Nd4 Nxf1 20. Qxf1 a6
21. Qf2 c5 22. N4f3 Qf6 23. Rf1 Qxf4 24. Nc4 b5 25. Ne3 Be6 26. Qe1 Ng5 27.
Nxh4 Qe5 28. Nf3 Nxf3+ 29. Rxf3 Rh8 30. Qf2 Rh5 31. Nf1 Rah8 32. Ng3 Rh4 33.
Ne2 Bxh3 34. Rxf7+ Kh6 35. Qxh4+ Qh5 36. Qxh3 {Black forfeits on time} 1-0

[Event "ICC Open 2015"]
[Site "Internet Chess Club"]
[Date "2015.05.30"]
[Round "3"]
[White "ErnestoRondon"]
[Black "Govindan"]
[Result "1-0"]
[ICCResult "Black forfeits on time"]
[WhiteElo "1873"]
[BlackElo "1476"]
[Opening "Scotch opening"]
[ECO "C44"]
[NIC "KP.10"]
[Time "19:20:42"]
[TimeControl "180+0"]

1. e4 e5 2. Nf3 Nc6 3. d4 d6 4. Bb5 Bd7 5. O-O exd4 6. Nxd4 Nxd4 7. Bxd7+
Qxd7 8. Qxd4 Nf6 9. Nc3 Be7 10. Bg5 O-O 11. Kh1 Qg4 12. Be3 a6 13. f3 Qg6
14. Ne2 Nh5 15. Nf4 Nxf4 16. Bxf4 Bf6 17. Qb4 Rab8 18. c3 Rfe8 19. Rad1 Be5
20. Bxe5 Rxe5 21. Qc4 Rc8 22. Rd5 Qe6 23. Rfd1 c6 24. R5d4 Qxc4 25. Rxc4 Re6
26. Rcd4 Rd8 27. Kg1 Kf8 28. Kf2 Ke7 29. Ke3 Re5 30. g3 c5 31. Rd5 Rxd5 32.
Rxd5 Ke6 33. c4 f6 34. b3 g6 35. f4 h6 36. h4 b5 37. g4 g5 38. fxg5 hxg5 39.
hxg5 fxg5 40. Rxg5 Rh8 41. Kf4 Rh2 42. Rg6+ Ke7 43. Rg7+ Ke6 44. Ra7 Rxa2
45. Kg5 Ra3 46. cxb5 Rxb3 47. bxa6 Ra3 48. Kg6 c4 49. g5 c3 50. Rc7
{Black forfeits on time}
1-0

[Event "ICC Open 2015"]
[Site "Internet Chess Club"]
[Date "2015.05.30"]
[Round "3"]
[White "RLH2"]
[Black "Redbaron"]
[Result "1-0"]
[ICCResult "Black resigns"]
[WhiteElo "2839"]
[BlackElo "2465"]
[Opening "Nimzovich-Larsen attack: modern variation"]
[ECO "A01"]
[NIC "VO.08"]
[Time "19:22:02"]
[TimeControl "180+0"]

1. b3 e5 2. Bb2 d6 3. e3 Nd7 4. d4 Ngf6 5. Nf3 exd4 6. Nxd4 Nc5 7. Be2 g6 8.
Bb5+ Bd7 9. b4 Ne6 10. Nxe6 fxe6 11. Bxd7+ Kxd7 12. O-O Bg7 13. c4 Ke7 14.
Nd2 Rf8 15. e4 Rf7 16. e5 Ne8 17. exd6+ cxd6 18. Bxg7 Nxg7 19. Qe2 Qb6 20.
a3 Re8 21. Ne4 h6 22. Rad1 Nf5 23. Nxd6 Nxd6 24. c5 Qa6 25. Qxa6 bxa6 26.
Rxd6 a5 27. Ra6 axb4 28. Rxa7+ Kf6 29. Rxf7+ Kxf7 30. axb4 Rb8 31. Rb1 Rb5
32. Kf1 e5 33. Ke2 Ke6 34. Ke3 Kd5 35. f3 g5 36. Kd3 h5 37. Kc3 h4 38. Re1
Rb8 39. Re4 Rb7 40. Rg4 Rg7 41. g3 hxg3 42. hxg3 Ke6 43. f4 exf4 44. gxf4
{Black resigns}
1-0

[Event "ICC Open 2015"]
[Site "Internet Chess Club"]
[Date "2015.05.30"]
[Round "3"]
[White "sahilmd"]
[Black "truufseir"]
[Result "0-1"]
[ICCResult "White checkmated"]
[WhiteElo "2035"]
[BlackElo "1630"]
[Opening "QGD: Albin counter-gambit, 5.g3"]
[ECO "D09"]
[NIC "QG.02"]
[Time "19:21:10"]
[TimeControl "180+0"]

1. d4 d5 2. c4 e5 3. dxe5 d4 4. Nf3 Nc6 5. g3 Bg4 6. Bg2 Qd7 7. O-O O-O-O 8.
Nbd2 Bh3 9. Ne4 Bxg2 10. Kxg2 Nge7 11. Bg5 h6 12. Bxe7 Nxe7 13. a3 Ng6 14.
b4 Qg4 15. Ned2 d3 16. e3 h5 17. h3 Qe6 18. Ng5 Qe7 19. Ndf3 f6 20. exf6
gxf6 21. Qa4 fxg5 22. Qxa7 g4 23. Qa8+ Kd7 24. Qa4+ c6 25. Nd4 Qe4+ 26. Kh2
h4 27. Rg1 hxg3+ 28. Rxg3 Rxh3+ 29. Rxh3 gxh3 30. Rg1 Bd6+ 31. f4 Qxe3 32.
Rxg6 Bxf4+ 33. Kh1 Qe4+ 34. Kg1 Qxd4+ 35. Kf1 h2 36. Kg2 Qg1+ 37. Kf3 h1=Q+
38. Kxf4 Rf8+ 39. Ke5 Qe3# {White checkmated} 0-1

[Event "ICC Open 2015"]
[Site "Internet Chess Club"]
[Date "2015.05.30"]
[Round "3"]
[White "SJW"]
[Black "paulmagriel"]
[Result "0-1"]
[ICCResult "White checkmated"]
[WhiteElo "1438"]
[BlackElo "2033"]
[Opening "King's Indian: Andersson variation"]
[ECO "E92"]
[NIC "KI.18"]
[Time "19:20:45"]
[TimeControl "180+0"]

1. d4 Nf6 2. c4 g6 3. Nc3 Bg7 4. e4 O-O 5. Nf3 d6 6. Be2 e5 7. dxe5 dxe5 8.
Qxd8 Rxd8 9. Bg5 Nbd7 10. Nd5 c6 11. Ne7+ Kf8 12. Nxc8 Rdxc8 13. Bd3 Nc5 14.
Bxf6 Nxd3+ 15. Kd2 Nxf2 16. Bxg7+ Kxg7 17. Rhf1 Nxe4+ 18. Ke3 Nd6 19. Nxe5
Re8 20. Kd4 Nf5+ 21. Rxf5 gxf5 22. Nf3 Rad8+ 23. Kc3 Re2 24. Rf1 Rxg2 25.
Ne5 Kf6 26. Nf3 h6 27. a3 c5 28. b4 b6 29. b5 Re8 30. Nh4 Re3#
{White checkmated}
0-1

[Event "ICC Open 2015"]
[Site "Internet Chess Club"]
[Date "2015.05.30"]
[Round "3"]
[White "Caminator"]
[Black "nihil95"]
[Result "1-0"]
[ICCResult "Black resigns"]
[WhiteElo "2129"]
[BlackElo "1814"]
[Opening "Old Indian defense"]
[ECO "A42"]
[NIC "KI.75"]
[Time "19:21:19"]
[TimeControl "180+0"]

1. d4 d6 2. c4 c6 3. g3 g6 4. Bg2 Bg7 5. Nf3 Nf6 6. O-O O-O 7. Nc3 Qc7 8. h3
a6 9. e4 e5 10. Be3 b5 11. Rc1 Qe7 12. c5 dxc5 13. dxe5 Nfd7 14. Ne2 Bxe5
15. Nxe5 Qxe5 16. f4 Qxb2 17. Rc2 Qg7 18. e5 Bb7 19. Bxc5 Nxc5 20. Rxc5 Re8
21. Qd6 Qf8 22. Rd1 Qxd6 23. Rxd6 Kf8 24. Nd4 Ke7 25. Nxc6+ Bxc6 26. Bxc6
Nxc6 27. Rcxc6 Rac8 28. Rxc8 Rxc8 29. Rxa6 Rc1+ 30. Kg2 Rc2+ 31. Kf3 Rc3+
32. Kg4 h5+ 33. Kh4 Rc4 34. Kg5 Rc3 35. Kh4 Rc4 36. Ra5 Rb4 37. a3 Ra4 38.
Rxa4 bxa4 39. Kg5 Ke6 40. g4 hxg4 41. hxg4 Kd5 42. Kf6 Kc4 43. Kxf7 Kb3 44.
e6 Kxa3 45. e7 Kb2 46. e8=Q a3 47. Qb5+ Ka2 48. Kxg6 Ka1 49. Qc4 a2
{Black resigns}
1-0

[Event "ICC Open 2015"]
[Site "Internet Chess Club"]
[Date "2015.05.30"]
[Round "3"]
[White "TheLoneKing1"]
[Black "guchess"]
[Result "0-1"]
[ICCResult "White resigns"]
[WhiteElo "1894"]
[BlackElo "2296"]
[Opening "Sicilian: Kan, Maróczy bind (Réti variation)"]
[ECO "B41"]
[NIC "SI.41"]
[Time "19:21:11"]
[TimeControl "180+0"]

1. e4 c5 2. Nf3 e6 3. d4 cxd4 4. Nxd4 a6 5. c4 b6 6. Nc3 Bb7 7. Bd3 d6 8.
O-O Nd7 9. Be3 Rc8 10. Kh1 h5 11. Qd2 h4 12. f4 h3 13. g3 Ngf6 14. Kg1 Ng4
15. Rac1 Nxe3 16. Qxe3 Be7 17. a3 g6 18. b4 e5 19. Nde2 a5 20. Nd5 Bxd5 21.
exd5 f5 22. Nc3 e4 23. Be2 Bf6 24. Nb5 Nb8 25. Rfd1 Na6 26. c5 bxc5 27. bxc5
Nxc5 28. Nd4 O-O 29. Nc6 Qd7 30. a4 Rxc6 31. dxc6 Qxc6 32. Bb5 Qc7 33. Kh1
Kg7 34. Qa3 Rc8 35. Kg1 Qb6 36. Kh1 Qc7 37. Qe3 Rd8 38. Qa3 Qe7 39. Qe3 Rc8
40. Qa3 e3 41. Re1 Qe4+ {White resigns} 0-1

[Event "ICC Open 2015"]
[Site "Internet Chess Club"]
[Date "2015.05.30"]
[Round "3"]
[White "ayyadov"]
[Black "QuieroAprender"]
[Result "1-0"]
[ICCResult "Black forfeits on time"]
[WhiteElo "2185"]
[BlackElo "1457"]
[Opening "Queen's pawn game"]
[ECO "A46"]
[NIC "KI.75"]
[Time "19:20:57"]
[TimeControl "180+0"]

1. d4 Nf6 2. Nf3 d6 3. c4 c6 4. Nc3 g6 5. g3 Bg7 6. Bg2 O-O 7. O-O Bg4 8. h3
Bxf3 9. Bxf3 Nbd7 10. e4 e5 11. Bg2 a6 12. Be3 Qe7 13. b4 b5 14. c5 exd4 15.
cxd6 Qxd6 16. Qxd4 Ne8 17. Qxd6 Nxd6 18. Rad1 Bxc3 19. Rxd6 Ne5 20. Bc5 Nc4
21. Rxc6 Rfd8 22. Rc7 Rac8 23. Ra7 Rc6 24. e5 Re6 25. f4 Bd4+ 26. Kh2 Ne3
27. Rd1 Nxd1 28. Bf3 Bxc5 29. bxc5 Rd2+ 30. Kg1 Nc3 31. c6 Nxa2 32. c7 Re8
33. Rxa6 Rd3 34. Bb7 Rd1+ 35. Kf2 Nc3 36. Rd6 {Black forfeits on time} 1-0

[Event "ICC Open 2015"]
[Site "Internet Chess Club"]
[Date "2015.05.30"]
[Round "3"]
[White "ro9991"]
[Black "Womacka"]
[Result "1-0"]
[ICCResult "Black checkmated"]
[WhiteElo "1969"]
[BlackElo "2444"]
[Opening "Bogo-Indian defense, Grünfeld variation"]
[ECO "E11"]
[NIC "QI.01"]
[Time "19:21:45"]
[TimeControl "180+0"]

1. d4 Nf6 2. c4 e6 3. Nf3 Bb4+ 4. Nbd2 O-O 5. a3 Be7 6. e4 d5 7. e5 Nfd7 8.
cxd5 exd5 9. Bd3 c5 10. O-O Nc6 11. Re1 a5 12. h3 a4 13. Bc2 b5 14. dxc5
Nxc5 15. Nf1 b4 16. axb4 Nxb4 17. Bb1 Nb3 18. Ra3 Nc6 19. Qc2 g6 20. Qxc6
Bxa3 21. Qxa8 Nxc1 22. bxa3 Nb3 23. Rd1 Qc7 24. Qxd5 Be6 25. Qd6 Qc3 26. Ng5
Bc4 27. Ne3 Be2 28. Ne4 Qa5 29. Nf6+ Kg7 30. Rd5 Qe1+ 31. Kh2 Qxb1 32. Neg4
Qf5 33. Qxf8+ Kxf8 34. Rd8+ Ke7 35. Re8# {Black checkmated} 1-0